 Dungeon Sprint DCSS version 0.27.0-65-ge2af304b15 (webtiles) character file.

Game seed: 11960542793979582337

47 JuniperTheExplorer the Skirmisher (level 3, -6/27 HPs)
             Began as an Octopode Fighter on Aug 19, 2021.
             Mangled by a water elemental (15 damage)
             ... in the Dungeon (Sprint III: "The Ten Rune Challenge").
             The game lasted 00:04:05 (468 turns).

JuniperTheExplorer the Skirmisher (Octopode Fighter) Turns: 468, Time: 00:04:06

Health: -6/27      AC:  3    Str: 15    XL:     3   Next: 70%
Magic:  3/3        EV: 12    Int: 10    God:
Gold:   21         SH:  9    Dex: 12    Spells: 2/2 levels left

rFire    . . .     SeeInvis .   a - +0 long sword
rCold    . . .     Faith    .   b - +0 kite shield
rNeg     . . .     Spirit   .   (helmet restricted)
rPois    .         Reflect  .   (no amulet)
rElec    .         Harm     .   (no ring)
rCorr    .         Rampage  .   (no ring)
Will     .....     NoTele   +   (no ring)
Stlth    ++........             (no ring)
HPRegen  0.09/turn              (no ring)
MPRegen  0.08/turn              (no ring)
                                (no ring)
                                (no ring)

@: engulfed
A: almost no armour, amphibious, 8 rings, camouflage 1, gelatinous body 1,
(nimble swimmer 1), tentacles, fangs 1, iridescent scales 1, high mp 1,
screaming 1
a: no special abilities


You were in the Dungeon.
You visited 1 branch You collected 21 gold pieces.

Inventory:

Hand Weapons
 a - a +0 long sword (weapon)
Armour
 b - a +0 kite shield (worn)
Scrolls
 i - a scroll of blinking
 k - a scroll of identify
Potions
 c - a potion of might
 d - a potion of curing
 e - a potion of heal wounds
 f - 2 potions of haste
 g - 2 potions of magic
 h - a potion of berserk rage
 l - 2 potions of flight
 n - a potion of invisibility


   Skills:
 + Level 4.7 Fighting
 + Level 3.4 Long Blades
 + Level 4.5 Dodging
 + Level 4.7 Shields


You had 2 spell levels left.
You didn't know any spells.
Your spell library was empty.

Dungeon Overview and Level Annotations

Branches:
Dungeon (1/1)

Altars:


Innate Abilities, Weirdness & Mutations

You cannot wear most types of armour.
You are amphibious.
You can wear up to eight rings at the same time.
Your skin changes colour to match your surroundings (Stealth+).
Your rubbery body absorbs attacks. (AC +1, EV +1)
((You are camouflaged near water. (Stealth+)))
You have tentacles for arms and can constrict up to eight enemies at once.
You have very sharp teeth.
You are partially covered in iridescent scales. (AC +2)
You have an increased reservoir of magic. (+10% MP)
You occasionally shout uncontrollably at your foes.


Message History

Your teeth lengthen and sharpen.
You feel extremely strange.
You no longer feel heat resistant.
Your urge to shout disappears.
You feel the urge to shout.
Iridescent scales grow over part of your body.
There is an open door here.
You open the door.
A water elemental comes into view.
There is an open door to the Ecumenical Temple here.
The helpless water elemental fails to defend itself.
You hit the water elemental.
The water elemental is lightly damaged.
You block the water elemental's attack.
You closely miss the water elemental.
You bite the water elemental, but do no damage.
The water elemental is lightly damaged.
The water elemental closely misses you. You block the water elemental's attack.
You hit the water elemental.
You bite the water elemental, but do no damage.
The water elemental is moderately damaged.
You block the water elemental's attack.
You hit the water elemental.
The water elemental is moderately damaged.
The water elemental hits you! You block the water elemental's attack.
You hit the water elemental but do no damage.
The water elemental is moderately damaged.
The water elemental hits you!
The water elemental engulfs you in water!
You hit the water elemental but do no damage.
The water elemental is moderately damaged.
The water elemental misses you. You block the water elemental's attack.
You hit the water elemental but do no damage.
The water elemental is moderately damaged.
You block the water elemental's attack.
You slash the water elemental!
You squeeze the water elemental, but do no damage.
The water elemental is severely damaged.
The water elemental hits you!
Ouch! That really hurt!
You die...

▓▓▓▓▓▓▓▓▓ ▓▓▓ #.?'....♣
♣.# #..#....♣♣♣ ♣♣.#
####....♣.♣ ♣..#
...#....≈.♣♣♣..###+#+###
...#...≈≈.♣.♣..#........
...#..≈≈)≈♣....'@E......
##'#..≈≈≈≈≈≈...#...#####
...#.≈≈≈≈≈≈....#.⌠.#
...#.≈≈≈≈≈.....#...#
...#.≈≈≈.......#+###
####.......†...#
...............#
▓▓▓▓▓▓▓▓▓▓▓▓▓▓▓▓


You could see a water elemental.

Vanquished Creatures
  Crazy Yiuf (D)
  A human (D)
  An endoplasm (D)
  3 rats (D)
6 creatures vanquished.

Notes
Turn   | Place    | Note
-------+----------+-------------------------------------------
     0 | D        | JuniperTheExplorer the Octopode Fighter began the quest for
                  | the Orb.
     0 | D        | Reached XP level 1. HP: 16/16 MP: 1/1
   273 | D        | Reached XP level 2. HP: 22/22 MP: 2/2
   274 | D        | Noticed Crazy Yiuf
   292 | D        | Killed Crazy Yiuf
   293 | D        | Reached XP level 3. HP: 15/27 MP: 3/3
   426 | D        | Gained mutation: Your flesh is cold resistant. (rC+)
                  | [potion of mutation]
   426 | D        | Gained mutation: You have a pair of small antennae on your
                  | head. [potion of mutation]
   426 | D        | Gained mutation: Your muscles are strong. (Str +2) [potion
                  | of mutation]
   427 | D        | Lost mutation: Your muscles are strong. (Str +2) [potion of
                  | mutation]
   427 | D        | Lost mutation: Your flesh is cold resistant. (rC+) [potion
                  | of mutation]
   427 | D        | Gained mutation: Your spells are a little harder to cast,
                  | but a little more powerful. [potion of mutation]
   427 | D        | Gained mutation: You do not regenerate when monsters are
                  | visible. [potion of mutation]
   427 | D        | Gained mutation: You have a pair of antennae on your head.
                  | [potion of mutation]
   428 | D        | Lost mutation: You have a pair of antennae on your head.
                  | [potion of mutation]
   428 | D        | Lost mutation: You have a pair of small antennae on your
                  | head. [potion of mutation]
   428 | D        | Lost mutation: You do not regenerate when monsters are
                  | visible. [potion of mutation]
   428 | D        | Gained mutation: You expend magic power (3 MP) to
                  | strengthen your wands. [potion of mutation]
   429 | D        | Lost mutation: You expend magic power (3 MP) to strengthen
                  | your wands. [potion of mutation]
   429 | D        | Lost mutation: Your spells are a little harder to cast, but
                  | a little more powerful. [potion of mutation]
   429 | D        | Gained mutation: Your spells are a little easier to cast,
                  | but a little less powerful. [potion of mutation]
   429 | D        | Gained mutation: You have an increased reservoir of magic.
                  | (+10% MP) [potion of mutation]
   429 | D        | Gained mutation: You have a considerably increased
                  | reservoir of magic. (+20% MP) [potion of mutation]
   430 | D        | Lost mutation: Your spells are a little easier to cast, but
                  | a little less powerful. [potion of mutation]
   430 | D        | Lost mutation: You have a considerably increased reservoir
                  | of magic. (+20% MP) [potion of mutation]
   430 | D        | Gained mutation: One of your tentacles bears a spike.
                  | [potion of mutation]
   430 | D        | Gained mutation: Your flesh is heat resistant. (rF+)
                  | [potion of mutation]
   431 | D        | Lost mutation: One of your tentacles bears a spike. [potion
                  | of mutation]
   431 | D        | Gained mutation: You occasionally shout uncontrollably at
                  | your foes. [potion of mutation]
   431 | D        | Gained mutation: You have very sharp teeth. [potion of
                  | mutation]
   432 | D        | Lost mutation: Your flesh is heat resistant. (rF+) [potion
                  | of mutation]
   432 | D        | Lost mutation: You occasionally shout uncontrollably at
                  | your foes. [potion of mutation]
   432 | D        | Gained mutation: You occasionally shout uncontrollably at
                  | your foes. [potion of mutation]
   432 | D        | Gained mutation: You are partially covered in iridescent
                  | scales. (AC +2) [potion of mutation]
   458 | D        | Noticed a water elemental
   468 | D        | Mangled by a water elemental

Illustrated notes

Levels and vault maps discovered:
D:        dungeon_sprint_mu [sprint_mu_entry_forest, sprint_mu_temple_rooms,
          sprint_mu_d1_spiders, sprint_mu_d2_genie, sprint_mu_d3_branching,
          sprint_mu_orc_legion, sprint_mu_elf_gauntlet, sprint_mu_hive_nellie,
          sprint_mu_lair_fedhas, sprint_mu_vaults_butterflies,
          sprint_mu_slime_circle, sprint_mu_shoals_archi,
          sprint_mu_snake_twists, sprint_mu_blade_basic,
          sprint_mu_crypt_fortress, sprint_mu_tomb_spiral,
          sprint_mu_vestibule_basic, sprint_mu_gehenna_hellfire,
          sprint_mu_dis_giant, sprint_mu_tartarus_statrot,
          sprint_mu_cocytus_islands, sprint_mu_zot1]

Skill      XL: |  1  2 |
---------------+-------+-----
Fighting       | 4 |  4.7
Dodging        | 4 |  4.5
Shields        | 4 |  4.7
Long Blades    | 3 |  3.4

Action                   || total
-------------------------++-------
Melee: Long sword        ||    19
       Constrict         ||     3
       Tentacles         ||     4
       Bite              ||     2
  Use: Potion            ||     7
       Scroll            ||     3
 Stab: Sleeping          ||     1
Armor: Skin              ||     1
Dodge: Dodged            ||    12
Block: Kite shield       ||    10
       Rpst.: Long sword ||     2
